cohdb
Replays
Latest Replays
All Replays
Popular Replays
Top Player Replays
Match Explorer
How It Works
Community
CoH3 Stats
Reddit
Sign in to upload your games and track your stats! →
Sign in with Steam
Match 40292974
Unlisted
Match 40292974
Overview
Messages
Build Orders
End
Selects Italian Combined Arms Battlegroup
Selects Bersaglieri Squad
Bersaglieri Squad
250 Light Carrier
Bersaglieri Squad
Bersaglieri Squad
Selects Bersaglieri Bolster
Construct Light Support Kompanie
Fire Support Elements
Flakvierling Half-track
Pak 38 Mechanized Group
Selects Breda Model 30 Light Machine Guns
Combat Half-tracks
Construct Panzerarmee Kommand
Walking Stuka Rocket Launcher
Vehicle Survival Package
Selects Semovente da 75/18 Assault Gun
Selects Strafing Run
2.5-tonne Medical Truck
Panzer III L Medium Tank
Selects Artillery Cover
nayebibit
Alex
Bruistablet
DPJ_realy
0
0
Comments
sign in to comment!
No comments posted yet!